PAA
IRVING BLUE SOX @ MYRTLE BEACH MERMEN
06/15/2020
 
TOP OF THE 1ST
Irving Blue Sox batting - Pitching for Myrtle Beach Mermen : RHP Leonard Hall
Pitching: RHP Leonard Hall
Batting: RHB Nathan Boswell 0-0: Called Strike
0-1: Ball
1-1: Foul Ball, location: 2F
1-2: Foul Ball, location: 2F
1-2: Ball
2-2: DOUBLE (Flyball, 78XD)
Batting: RHB Júlio López 0-0: Called Strike
0-1: Foul Ball, location: 2F
0-2: Ball
1-2: Ball
2-2: Fly out, F6 (Popup, 6MD)
Batting: RHB Stan Barnes 0-0: Called Strike
0-1: Ball
1-1: Ball
2-1: Ball
3-1: Base on Balls
Batting: RHB Dennis Newell 0-0: Foul Ball, location: 2F
0-1: Foul Ball, location: 2F
0-2: Ball
1-2: Strikes out swinging
Batting: SHB Ron Peterson 0-0: Called Strike
0-1: Ball
1-1: Foul Ball, location: 2F
1-2: Strikes out swinging
Top of the 1st over - 0 run(s), 1 hit(s), 0 error(s), 2 left on base; Irving 0 - Myrtle Beach 0
BOTTOM OF THE 1ST
Myrtle Beach Mermen batting - Pitching for Irving Blue Sox : RHP Pat Brown
Pitching: RHP Pat Brown
Batting: RHB Scott Peterson 0-0: Called Strike
0-1: Ball
1-1: Swinging Strike
1-2: Strikes out looking
Batting: SHB Avery Little 0-0: Ball
1-0: Ball
2-0: Called Strike
2-1: Called Strike
2-2: Foul Ball, location: 2F
2-2: Ground out 6-3 (Groundball, 6S)
Batting: RHB Otso Tuulari 0-0: Ball
1-0: Ball
2-0: SINGLE (Groundball, 56D)
Batting: SHB Carlos Carranza 0-0: Called Strike
0-1: Called Strike
0-2: Ball
1-2: Foul Ball, location: 2F
1-2: Foul Ball, location: 2F
1-2: Fly out, F8 (Line Drive, 8RS)
Bottom of the 1st over - 0 run(s), 1 hit(s), 0 error(s), 1 left on base; Irving 0 - Myrtle Beach 0
TOP OF THE 2ND
Irving Blue Sox batting - Pitching for Myrtle Beach Mermen : RHP Leonard Hall
Batting: RHB Pat Lugo 0-0: Ground out 5-3 (Groundball, 56S)
Batting: RHB Danny Hall 0-0: Ball
1-0: Ground out 5-3 (Groundball, 5)
Batting: RHB Alfredo Chávez 0-0: Called Strike
0-1: SINGLE (Groundball, 4MD)
Batting: RHB Will Hunter 0-0: Ball
1-0: Called Strike
1-1: Ball
2-1: Fielders Choice at 2nd, 6-4 (Groundball, 6)
Top of the 2nd over - 0 run(s), 1 hit(s), 0 error(s), 0 left on base; Irving 0 - Myrtle Beach 0
BOTTOM OF THE 2ND
Myrtle Beach Mermen batting - Pitching for Irving Blue Sox : RHP Pat Brown
Batting: RHB Álex Rodríguez 0-0: Called Strike
0-1: Ball
1-1: Swinging Strike
1-2: Ground out 6-3 (Groundball, 6)
Batting: RHB Mike Fleming 0-0: Foul Ball, location: 2F
0-1: Ground out 5-3 (Groundball, 56)
Batting: RHB Ángelo Saldańa 0-0: Ground out 6-3 (Groundball, 6MS)
Bottom of the 2nd over - 0 run(s), 0 hit(s), 0 error(s), 0 left on base; Irving 0 - Myrtle Beach 0
TOP OF THE 3RD
Irving Blue Sox batting - Pitching for Myrtle Beach Mermen : RHP Leonard Hall
Batting: RHB Nathan Boswell 0-0: Ball
1-0: Ball
2-0: Swinging Strike
2-1: Swinging Strike
2-2: Ground out U3 (Groundball, 3S)
Batting: RHB Júlio López 0-0: Ball
1-0: SINGLE (Line Drive, 9S)
Batting: RHB Stan Barnes 0-0: Called Strike
0-1: Foul Ball, location: 2F
0-2: Ball
Wild Pitch!
Júlio López to second
1-2: SINGLE (Flyball, 8LS)
Júlio López to third
Batting: RHB Dennis Newell 0-0: Ball
1-0: Swinging Strike
1-1: Ball
Pickoff Throw to First - Out!
2-1: Foul Ball, location: 2F
2-2: Fly out, F8 (Flyball, 8RM)
Top of the 3rd over - 0 run(s), 2 hit(s), 0 error(s), 1 left on base; Irving 0 - Myrtle Beach 0
BOTTOM OF THE 3RD
Myrtle Beach Mermen batting - Pitching for Irving Blue Sox : RHP Pat Brown
Batting: SHB Val Brown 0-0: Ball
1-0: Fly out, F8 (Flyball, 8LM)
Batting: RHB Ryan Carr 0-0: Called Strike
0-1: Swinging Strike
0-2: Ball
1-2: Strikes out swinging
Batting: RHB Scott Peterson 0-0: Ball
1-0: Ball
2-0: Foul Ball, location: 2F
2-1: Ball
3-1: Fly out, F7 (Line Drive, 7M)
Bottom of the 3rd over - 0 run(s), 0 hit(s), 0 error(s), 0 left on base; Irving 0 - Myrtle Beach 0
TOP OF THE 4TH
Irving Blue Sox batting - Pitching for Myrtle Beach Mermen : RHP Leonard Hall
Batting: SHB Ron Peterson 0-0: SINGLE (Line Drive, 4D)
Batting: RHB Pat Lugo 0-0: Called Strike
0-1: Swinging Strike
0-2: Ball
1-2: Ball
2-2: Fly out, F6 (Popup, 56D)
Batting: RHB Danny Hall 0-0: Ball
1-0: Ball
2-0: Called Strike
2-1: Foul Ball, location: 2F
2-2: Fly out, F8 (Flyball, 78M)
Batting: RHB Alfredo Chávez 0-0: Ball
1-0: Ball
2-0: Foul Ball, location: 2F
2-1: Foul Ball, location: 2F
2-2: Foul Ball, location: 2F
2-2: Foul Ball, location: 2F
2-2: Foul Ball, location: 2F
2-2: Foul Ball, location: 2F
2-2: Ball
3-2: Foul Ball, location: 2F
3-2: Base on Balls
Ron Peterson to second
Batting: RHB Will Hunter 0-0: Ground out 6-3 (Groundball, 6)
Top of the 4th over - 0 run(s), 1 hit(s), 0 error(s), 2 left on base; Irving 0 - Myrtle Beach 0
BOTTOM OF THE 4TH
Myrtle Beach Mermen batting - Pitching for Irving Blue Sox : RHP Pat Brown
Batting: SHB Avery Little 0-0: Called Strike
0-1: Fly out, F6 (Popup, 56D)
Batting: RHB Otso Tuulari 0-0: Fly out, F8 (Flyball, 8RM)
Batting: SHB Carlos Carranza 0-0: Foul Ball, location: 2F
0-1: Ball
1-1: Ball
2-1: Fly out, F8 (Flyball, 8LD)
Bottom of the 4th over - 0 run(s), 0 hit(s), 0 error(s), 0 left on base; Irving 0 - Myrtle Beach 0
TOP OF THE 5TH
Irving Blue Sox batting - Pitching for Myrtle Beach Mermen : RHP Leonard Hall
Batting: RHB Nathan Boswell 0-0: Foul Ball, location: 2F
0-1: Swinging Strike
0-2: Strikes out swinging
Batting: RHB Júlio López 0-0: Foul Ball, location: 2F
0-1: SINGLE (Line Drive, 4M)
Batting: RHB Stan Barnes 0-0: Ball
Wild Pitch!
Júlio López to second
1-0: Ball
2-0: Ball
3-0: Swinging Strike
3-1: Swinging Strike
3-2: Foul Ball, location: 2F
3-2: Base on Balls
Batting: RHB Dennis Newell 0-0: Fly out, F2 (Popup, 2LF)
Batting: SHB Ron Peterson 0-0: Ground out 4-3 (Groundball, 4)
Top of the 5th over - 0 run(s), 1 hit(s), 0 error(s), 2 left on base; Irving 0 - Myrtle Beach 0
BOTTOM OF THE 5TH
Myrtle Beach Mermen batting - Pitching for Irving Blue Sox : RHP Pat Brown
Batting: RHB Álex Rodríguez 0-0: Called Strike
0-1: Ball
1-1: Fly out, F8 (Line Drive, 8RS)
Batting: RHB Mike Fleming 0-0: Called Strike
0-1: Ball
1-1: Called Strike
1-2: Ball
2-2: Foul Ball, location: 2F
2-2: Strikes out swinging
Batting: RHB Ángelo Saldańa 0-0: Swinging Strike
0-1: SINGLE (Groundball, 6MD)
Batting: SHB Val Brown 0-0: Foul Ball, location: 2F
0-1: Swinging Strike
0-2: Strikes out swinging
Bottom of the 5th over - 0 run(s), 1 hit(s), 0 error(s), 1 left on base; Irving 0 - Myrtle Beach 0
TOP OF THE 6TH
Irving Blue Sox batting - Pitching for Myrtle Beach Mermen : RHP Leonard Hall
Batting: RHB Pat Lugo 0-0: Called Strike
0-1: Ground out 5-3 (Groundball, 5L)
Batting: RHB Danny Hall 0-0: SINGLE (Line Drive, 5D)
Batting: RHB Alfredo Chávez 0-0: Ball
1-0: Ball
2-0: Called Strike
2-1: Ball
3-1: DOUBLE (Flyball, 78M)
Danny Hall to third
Batting: RHB Will Hunter 0-0: Ball
1-0: Ground out 1-3 (Groundball, 13S)
Batting: RHB Nathan Boswell 0-0: SINGLE (Line Drive, 56)
Danny Hall scores
Alfredo Chávez to third
Runner from 3rd tries for Home, SAFE, no throw or cutoff
Batting: RHB Júlio López 0-0: Ball
1-0: Called Strike
1-1: Ball
2-1: Ball
3-1: Fly out, F9 (Popup, 9S)
Top of the 6th over - 2 run(s), 3 hit(s), 0 error(s), 1 left on base; Irving 2 - Myrtle Beach 0
BOTTOM OF THE 6TH
Myrtle Beach Mermen batting - Pitching for Irving Blue Sox : RHP Pat Brown
Batting: RHB Ryan Carr 0-0: Called Strike
0-1: Called Strike
0-2: Foul Ball, location: 2F
0-2: Ball
1-2: Ball
2-2: Ball
3-2: Foul Ball, location: 2F
3-2: Foul Ball, location: 2F
3-2: Ground out 6-3 (Groundball, 6M)
Batting: RHB Scott Peterson 0-0: Called Strike
0-1: Ball
1-1: Called Strike
1-2: Ground out 5-3 (Groundball, 5)
Batting: SHB Avery Little 0-0: Ball
1-0: Foul Ball, location: 2F
1-1: SINGLE (Line Drive, 56D)
Batting: RHB Otso Tuulari 0-0: Ball
1-0: Foul Ball, location: 2F
1-1: Called Strike
1-2: Strikes out swinging
Bottom of the 6th over - 0 run(s), 1 hit(s), 0 error(s), 1 left on base; Irving 2 - Myrtle Beach 0
TOP OF THE 7TH
Irving Blue Sox batting - Pitching for Myrtle Beach Mermen : RHP Leonard Hall
Batting: RHB Stan Barnes 0-0: Called Strike
0-1: Ball
1-1: Ball
2-1: Ball
3-1: Base on Balls
Pitching: RHP Mauro Guzmán
Batting: RHB Dennis Newell 0-0: Ball
Balk!
Stan Barnes to second
1-0: Called Strike
1-1: SINGLE (Groundball, 34D)
Stan Barnes to third
Runner from 3rd tries for Home, SAFE, no throw or cutoff
Batting: SHB Ron Peterson 0-0: Ball
1-0: Ball
2-0: Ball
3-0: Called Strike
3-1: Foul Ball, location: 2F
3-2: Foul Ball, location: 2F
3-2: Foul Ball, location: 2F
3-2: Base on Balls
Dennis Newell to second
Batting: RHB Pat Lugo 0-0: Grounds into double play, 5-4-3 (Groundball, 56)
Dennis Newell to third
Batting: RHB Danny Hall 0-0: Ball
1-0: Called Strike
1-1: SINGLE (Groundball, 6MD)
Dennis Newell scores
Batting: RHB Alfredo Chávez 0-0: Called Strike
0-1: Ball
1-1: Called Strike
1-2: Ball
2-2: DOUBLE (Groundball, 5L)
Danny Hall to third
Runner from 3rd tries for Home, SAFE, throw made at trailing runner, SAFE at third!
Pitching: RHP Andrés Ventura
Batting: RHB Will Hunter 0-0: Ball
1-0: Fly out, F7 (Line Drive, 7M)
Top of the 7th over - 3 run(s), 3 hit(s), 0 error(s), 1 left on base; Irving 5 - Myrtle Beach 0
BOTTOM OF THE 7TH
Myrtle Beach Mermen batting - Pitching for Irving Blue Sox : RHP Pat Brown
Batting: SHB Carlos Carranza 0-0: Fly out, F9 (Flyball, 89M)
Batting: RHB Álex Rodríguez 0-0: Foul Ball, location: 2F
0-1: Called Strike
0-2: Foul Ball, location: 2F
0-2: Fly out, F9 (Line Drive, 89M)
Batting: RHB Mike Fleming 0-0: Called Strike
0-1: Foul Ball, location: 2F
0-2: Strikes out swinging
Bottom of the 7th over - 0 run(s), 0 hit(s), 0 error(s), 0 left on base; Irving 5 - Myrtle Beach 0
TOP OF THE 8TH
Irving Blue Sox batting - Pitching for Myrtle Beach Mermen : RHP Andrés Ventura
Batting: RHB Nathan Boswell 0-0: Called Strike
0-1: Fly out, F3 (Popup, 3F)
Batting: RHB Júlio López 0-0: Ball
1-0: Ball
2-0: Called Strike
2-1: Foul Ball, location: 2F
2-2: Foul Ball, location: 2F
2-2: Foul Ball, location: 2F
2-2: Foul Ball, location: 2F
2-2: Foul Ball, location: 2F
2-2: Strikes out swinging
Batting: RHB Stan Barnes 0-0: Swinging Strike
0-1: Foul Ball, location: 2F
0-2: Ball
1-2: Foul Ball, location: 2F
1-2: Ball
2-2: Ball
3-2: Foul Ball, location: 2F
3-2: SOLO HOME RUN (Flyball, 7D), Distance : 353 ft
Batting: RHB Dennis Newell 0-0: Ball
1-0: Foul Ball, location: 2F
1-1: Swinging Strike
1-2: Ground out 4-3 (Groundball, 4)
Top of the 8th over - 1 run(s), 1 hit(s), 0 error(s), 0 left on base; Irving 6 - Myrtle Beach 0
BOTTOM OF THE 8TH
Myrtle Beach Mermen batting - Pitching for Irving Blue Sox : RHP Pat Brown
Batting: RHB Ángelo Saldańa 0-0: Called Strike
0-1: Foul Ball, location: 2F
0-2: Ball
1-2: Ball
2-2: Ball
3-2: Fly out, F8 (Flyball, 8RM)
Batting: SHB Val Brown 0-0: Foul Ball, location: 2F
0-1: Swinging Strike
0-2: Strikes out swinging
Batting: RHB Ryan Carr 0-0: Called Strike
0-1: Swinging Strike
0-2: Ball
1-2: Strikes out swinging
Bottom of the 8th over - 0 run(s), 0 hit(s), 0 error(s), 0 left on base; Irving 6 - Myrtle Beach 0
TOP OF THE 9TH
Irving Blue Sox batting - Pitching for Myrtle Beach Mermen : RHP Andrés Ventura
Batting: SHB Ron Peterson 0-0: Called Strike
0-1: Swinging Strike
0-2: Foul Ball, location: 2F
0-2: DOUBLE (Groundball, 5L)
Batting: RHB Pat Lugo 0-0: Foul Ball, location: 2F
0-1: Ground out 2-3 (Groundball, 2R)
Ron Peterson to third
Batting: RHB Danny Hall 0-0: Ball
1-0: Foul Ball, location: 2F
1-1: Swinging Strike
1-2: Strikes out looking
Batting: RHB Alfredo Chávez 0-0: SINGLE (Groundball, 6MD)
Ron Peterson scores
Batting: RHB Will Hunter 0-0: Foul Ball, location: 2F
0-1: Ball
1-1: Ball
2-1: Ball
3-1: Called Strike
3-2: Foul Ball, location: 2F
3-2: DOUBLE (Line Drive, 7LM)
Alfredo Chávez to third
Alfredo Chávez scores
Pitching: LHP Guus Ketting
Batting: RHB Nathan Boswell 0-0: Ball
1-0: Called Strike
1-1: Swinging Strike
1-2: Ball
2-2: DOUBLE (Groundball, 3D)
Will Hunter scores
Batting: RHB Júlio López 0-0: Ball
1-0: Swinging Strike
1-1: Foul Ball, location: 2F
1-2: Strikes out swinging
Top of the 9th over - 3 run(s), 4 hit(s), 0 error(s), 1 left on base; Irving 9 - Myrtle Beach 0
BOTTOM OF THE 9TH
Myrtle Beach Mermen batting - Pitching for Irving Blue Sox : RHP Pat Brown
Pitching: RHP Chris Strickland
Batting: RHB Scott Peterson 0-0: Ball
1-0: Called Strike
1-1: Swinging Strike
1-2: Ball
2-2: Ball
3-2: Strikes out swinging
Batting: SHB Avery Little 0-0: Ball
1-0: Swinging Strike
1-1: Fly out, F5 (Popup, 5DF)
Batting: RHB Otso Tuulari 0-0: Called Strike
0-1: Ball
1-1: Ball
2-1: Ball
3-1: Called Strike
3-2: Strikes out swinging
Bottom of the 9th over - 0 run(s), 0 hit(s), 0 error(s), 0 left on base; Irving 9 - Myrtle Beach 0
This league is powered by Out of the Park Baseball, the baseball management simulation game for PC, Mac and Linux
Friday, October 23rd, 2015 - OOTP Baseball 16.9 Build 39